 Dungeon Crawl Stone Soup version 0.25.0-15-gac7dcb8919 (webtiles) character file.

Game seed: 10154659870462051204

81 DildoBatman the Conjurer (level 4, -1/30 HPs)
             Began as a Formicid Wizard on June 29, 2020.
             Shot with an arrow by a centaur (8 damage)
             ... on level 2 of the Dungeon.
             The game lasted 00:03:56 (2050 turns).

DildoBatman the Conjurer (Formicid Wizard)          Turns: 2050, Time: 00:03:57

Health: -1/30      AC:  2    Str: 11    XL:     4   Next: 68%
Magic:  3/8        EV: 12    Int: 19    God:
Gold:   112        SH:  0    Dex:  9    Spells: 2/9 levels left

rFire    . . .     SeeInvis +   c - +0 whip
rCold    . . .     Gourm    .   (no shield)
rNeg     . . .     Faith    .   a - +0 robe
rPois    .         Spirit   .   (helmet unavailable)
rElec    .         Reflect  .   (no cloak)
rCorr    .         Harm     .   (no gloves)
MR       .....                  (no boots)
Stlth    ++........             (no amulet)
HPRegen  0.10/turn              (no ring)
MPRegen  0.11/turn              (no ring)

@: no status effects
A: permanent stasis, dig shafts and tunnels, four strong arms, antennae 3
a: Dig, Shaft Self


You were on level 2 of the Dungeon.
You were not hungry.

You visited 1 branch of the dungeon, and saw 2 of its levels.

You collected 112 gold pieces.

Inventory:

Hand Weapons
 c - a +0 whip (weapon)
Missiles
 g - 42 bolts
 l - 8 poisoned darts (quivered)
 m - 87 stones
 r - 26 arrows
 s - 15 sling bullets
Armour
 a - a +0 robe (worn)
Scrolls
 b - a scroll of fear {unknown}
 d - 4 scrolls of teleportation {unknown}
 h - 2 scrolls of identify {unknown}
 i - a scroll of fog {unknown}
 k - a scroll of remove curse {unknown}
 n - a scroll of random uselessness {unknown}
Potions
 e - 3 potions of heal wounds {unknown}
 f - a potion of haste {unknown}
 j - 2 potions of ambrosia {unknown}
 o - a potion of mutation {unknown}
 p - a potion of brilliance {unknown}
Comestibles
 q - a chunk of flesh
 v - 4 rations


   Skills:
 - Level 1.7 Dodging
 - Level 2.4 Stealth
 - Level 3.2 Spellcasting
 * Level 3.7 Conjurations
   Level 1.0 Summonings
   Level 0.8 Translocations


You had 2 spell levels left.
You knew the following spells:

 Your Spells              Type           Power        Failure   Level  Hunger
a - Conjure Flame         Conj/Fire      ##......     21%         3    ###....
c - Magic Dart            Conj           ###.         3%          1    None
e - Mephitic Cloud        Conj/Pois/Air  #.......     26%         3    ###....

Your spell library contained the following spells:

 Spells                   Type           Power        Failure   Level  Hunger
 Call Imp                 Summ           #.......     16%         2    ##.....
 Slow                     Hex            #.......     22%         2    ##.....
 Blink                    Tloc           Unusable     N/A         2    N/A

Dungeon Overview and Level Annotations

Branches:
Dungeon (2/15)

Altars:
Trog
Zin


Innate Abilities, Weirdness & Mutations

You cannot be hasted, slowed, berserked, paralysed or teleported.
You can dig through walls and to a lower floor.
Your four strong arms can wield two-handed weapons with a shield.
You have a pair of large antennae on your head. (SInv)


Message History

You eat one of the 2 chunks of flesh.
A centaur comes into view. It is wielding a +0 mace.
A centaur is nearby!
Casting: Magic Dart (safe; 3% risk of failure)
Confirm with . or Enter, or press ? or * to list all spells.
Aiming: Magic Dart (safe; 3% risk of failure)
Press: ? - help, Shift-Dir - straight line, f - centaur
Aim: a centaur, wielding a +0 mace and quivering 22 arrows (wandering, hasn't noticed you)
The magic dart hits the centaur.
The centaur is lightly wounded.
The centaur shouts!
The centaur unwields a +0 mace.
The centaur wields a +0 shortbow.
The centaur shoots an arrow.
The arrow misses you.
The centaur shoots an arrow.
The arrow hits you!
The centaur shoots an arrow.
The arrow hits you!
You die...

##. { .. c ..
#. #.
#..###.##
........#
#######
........###.#
#......
............#
#.#####
..#####@#####
#.# #.# #.#
#.# #.# ###.#
#.# ##...#
#.# #....##
#.#
.#....#.##
#.#
#.....###.##
#.# #....#
##.# #.#####


You could see a centaur.

Vanquished Creatures
  2 adders (D:2)
  An ooze (D:1)
  A worm (D:2)
  3 dart slugs (D:1)
  A leopard gecko (D:2)
  4 goblins
  5 hobgoblins
  6 jackals
  11 bats
  2 frilled lizards (D:1)
  7 kobolds
  7 rats
50 creatures vanquished.

Notes
Turn   | Place    | Note
-------+----------+-------------------------------------------
     0 | D:1      | DildoBatman the Formicid Wizard began the quest for the
                  | Orb.
     0 | D:1      | Reached XP level 1. HP: 13/13 MP: 4/4
    19 | D:1      | Reached skill level 1 in Conjurations
   247 | D:1      | Reached XP level 2. HP: 19/19 MP: 4/6
   576 | D:1      | Reached XP level 3. HP: 17/24 MP: 0/7
   585 | D:1      | Learned a level 3 spell: Conjure Flame
   589 | D:1      | Learned a level 3 spell: Mephitic Cloud
  1484 | D:2      | Found a bloodstained altar of Trog.
  1485 | D:2      | Found a glowing silver altar of Zin.
  1561 | D:2      | Reached XP level 4. HP: 29/30 MP: 3/8
  2048 | D:2      | Noticed a centaur
  2050 | D:2      | Shot with an arrow by a centaur

Illustrated notes

Levels and vault maps discovered:
D:1:      shiori_arrival_oz, layout_loops_ring, grunt_decor_cap,
          minmay_misc_feat_x
D:2:      layout_loops_ring, gammafunk_temple_overflow_statue,
          minmay_lizard_pond, uniq_jessica

Skill      XL: |  1  2  3 |
---------------+----------+-----
Conjurations   | 1 2 3 |  3.7
Dodging        | |  1.7
Stealth        | |  2.4
Spellcasting   | |  3.2
Summonings     | |  1.0
Translocations | |  0.8

Action                   |  1- 3 |  4- 6 || total
-------------------------+-------+-------++-------
Melee: Whip              |    36 |    14 ||    50
 Cast: Magic Dart        |    85 |    38 ||   123
 Abil: Dig               |     1 |     1 ||     2
  Eat: Chunk             |     2 |     2 ||     4
Armor: Robe              |     8 |     4 ||    12
Dodge: Dodged            |    41 |    14 ||    55
